AoeStats
← 一剑扫秋风nelson

Arena

504432975Analyzed
4v4 RM · 27d ago on Sep 5, 2026· 39m 46s· 8 players
Game mode
Random Map
Map size
Large (8 player)
Population
200
Speed
Normal
Resources
Standard
Victory
Conquest
Starting age
Dark Age
Ending age
Imperial Age
RankedLock teamsTeams togetherTeam positionsShared explorationLock speedFull tech treeHidden civsTurbo modeCheats
Victory
Defeat
🇳🇱 Persians · Netherlands
1892
+9
🇻🇳 Celts · Vietnam
1870
+9
🇨🇳 Mapuche · China
1847
+10
🇨🇿 Mongols · Czechia
1802
+12
🇨🇳 Cumans · China
1814
-13
🇨🇳 Muisca · China
1772
-12
🇦🇺 Britons · Australia
1728
-10
🇨🇳 Slavs · China
1558
-5
一剑扫秋风nelson
8:10 Feudal Age
7:16 Loom
8:53 Double-Bit Axe
16:23 Castle Age
15:47 Horse Collar
17:10 Fletching
18:18 Heavy Plow
18:10 Gold Mining
19:55 Wheelbarrow
20:23 Bodkin Arrow
28:15 Padded Archer Armor
32:29 Ballistics
34:00 Leather Archer Armor
39:09 Imperial Age
37:42 Elite Skirmisher
38:33 Bow Saw
40:26 Conscription
CNZS_98T
10:37 Feudal Age
14:19 Castle Age
12:18 Double-Bit Axe
12:36 Horse Collar
15:15 Bow Saw
15:17 Heavy Plow
20:30 Wheelbarrow
20:16 Gold Mining
21:23 Hand Cart
22:16 Stone Mining
23:33 Gold Shaft Mining
26:47 Imperial Age
24:21 Town Watch
24:22 Loom
25:19 Scale Barding Armor
25:27 Forging
25:32 Devotion
26:56 Chain Barding Armor
27:11 Iron Casting
27:12 Bloodlines
26:41 Cavalier
29:02 Plate Barding Armor
32:09 Chemistry
33:33 Husbandry
33:07 Savar
33:48 Savar
35:25 Light Cavalry
37:46 Herbal Medicine
39:48 Blast Furnace
38:40 Fletching
39:17 Ballistics
40:01 Two-Man Saw
39:30 Conscription
LeHoang
10:48 Feudal Age
14:38 Castle Age
12:57 Double-Bit Axe
13:04 Horse Collar
14:56 Loom
15:31 Bow Saw
23:03 Stone Mining
24:25 Wheelbarrow
26:37 Town Watch
29:23 Imperial Age
27:27 Heavy Plow
27:18 Gold Mining
27:59 Hand Cart
28:01 Pikeman
28:42 Scale Mail Armor
29:47 Chain Mail Armor
29:42 Forging
29:29 Capped Ram
30:31 Conscription
30:20 Siege Ram
31:43 Plate Mail Armor
31:32 Forging
31:03 Halberdier
33:13 Gold Shaft Mining
33:22 Furor Celtica
34:40 Iron Casting
34:19 Siege Engineers
34:34 Ballistics
36:26 Blast Furnace
35:17 Fletching
36:09 Heavy Scorpion
37:43 Hoardings
37:00 Stronghold
37:47 Hoardings
38:19 Bodkin Arrow
39:27 Chemistry
38:38 Masonry
Velky kanec
10:09 Feudal Age
14:30 Castle Age
12:26 Double-Bit Axe
12:45 Horse Collar
14:32 Light Cavalry
22:13 Loom
24:26 Fletching
26:43 Bodkin Arrow
28:12 Gold Mining
33:07 Imperial Age
30:46 Husbandry
31:51 Gold Shaft Mining
31:27 Padded Archer Armor
31:40 Stone Mining
32:25 Ballistics
32:54 Wheelbarrow
32:35 Bloodlines
33:21 Leather Archer Armor
34:04 Bracer
35:47 Chemistry
35:32 Conscription
34:58 Elite Mangudai
36:31 Thumb Ring
37:16 Hand Cart
39:06 Stone Shaft Mining
39:26 Coinage
38:33 Capped Ram
39:45 Masonry
CNZS_Xz
8:12 Feudal Age
9:02 Double-Bit Axe
9:06 Horse Collar
10:46 Loom
16:29 Wheelbarrow
19:44 Castle Age
19:12 Scale Barding Armor
19:18 Forging
19:26 Gold Mining
20:52 Bow Saw
20:43 Heavy Plow
22:50 Capped Ram
26:02 Chain Barding Armor
26:28 Hand Cart
25:58 Town Watch
27:01 Bloodlines
30:39 Gold Shaft Mining
33:55 Imperial Age
31:07 Light Cavalry
31:49 Stone Mining
33:32 Iron Casting
33:59 Cavalier
35:17 Plate Barding Armor
35:26 Coinage
35:42 Paladin
37:51 Fletching
39:03 Blast Furnace
38:14 Fletching
39:09 Steppe Husbandry
39:29 Conscription
ytpro
10:39 Feudal Age
9:33 Loom
14:28 Castle Age
13:11 Double-Bit Axe
16:30 Bow Saw
17:40 Fletching
20:00 Ballistics
19:39 Horse Collar
23:46 Wheelbarrow
23:32 Bodkin Arrow
29:53 Imperial Age
29:33 Town Watch
31:10 Bracer
31:23 Fortified Wall
35:54 Chemistry
执者如旗
8:23 Loom
10:09 Feudal Age
16:37 Castle Age
15:11 Double-Bit Axe
16:01 Gold Mining
18:24 Redemption
31:57 Sanctity
33:42 Stone Mining
36:28 Wheelbarrow
38:23 Hand Cart
kazusa
10:32 Feudal Age
11:12 Double-Bit Axe
14:16 Castle Age
12:22 Horse Collar
15:44 Bow Saw
18:50 Wheelbarrow
19:47 Loom
22:36 Hand Cart
22:25 Gold Mining
25:09 Gold Shaft Mining
26:00 Scale Mail Armor
28:53 Imperial Age
26:56 Chain Mail Armor
26:51 Forging
29:01 Iron Casting
28:55 Elite Temple Guard
29:35 Squires
30:06 Plate Mail Armor
30:28 Conscription
30:59 Stone Mining
31:10 Heavy Plow
32:10 Ballistics
33:16 Two-Man Saw
32:36 Capped Ram
34:36 Heavy Scorpion
36:03 Stone Shaft Mining
37:42 Huaracas
37:16 Elite Guecha Warrior
38:56 Crop Rotation
38:13 Champi Runner
38:53 Fletching
39:03 Padded Archer Armor
40:05 Chemistry
39:35 Herbalism
Connection lost

Rejoining the realm…

Still unreachable

The connection could not be restored.

Session expired

The server has moved on; the page needs a fresh start.